 Dungeon Crawl Stone Soup version 0.22.0-27-ga576289 (webtiles) character file.

40 Folque the Magician (level 3, 0/24 HPs)
             Began as an Octopode Wizard on Aug 21, 2018.
             Slain by Terence
             ... wielding a +0 flail
              (8 damage)
             ... on level 2 of the Dungeon.
             The game lasted 00:06:44 (1377 turns).

Folque the Magician (Octopode Wizard)               Turns: 1377, Time: 00:06:45

Health: 0/24       AC:  2    Str:  6    XL:     3   Next: 50%
Magic:  0/7        EV: 13    Int: 21    God:
Gold:   49         SH:  0    Dex: 10    Spells: 0/8 levels left

rFire    . . .     SeeInvis .   f - +0 short sword
rCold    . . .     Gourm    .   (no shield)
rNeg     . . .     Faith    .   a - +0 hat
rPois    .         Spirit   .   (no amulet)
rElec    .         Reflect  .   b - +1 ring of protection
rCorr    .         Harm     .   (no ring)
MR       .....                  (no ring)
Stlth    +++.......             (no ring)
HPRegen  0.08/turn              (no ring)
MPRegen  0.10/turn              (no ring)
                                (no ring)
                                (no ring)

@: very slightly contaminated
A: almost no armour, stealthy swim, amphibious, 8 rings, constrict 8, camouflage
1, gelatinous body 1
a: no special abilities


You were on level 2 of the Dungeon.
You were not hungry.

You visited 1 branch of the dungeon, and saw 2 of its levels.

You collected 49 gold pieces.

Inventory:

Hand Weapons
 f - a +0 short sword (weapon)
Armour
 a - a +0 hat (worn)
Jewellery
 b - a +1 ring of protection (left tentacle)
Scrolls
 h - a scroll of remove curse {unknown}
Comestibles
 c - 2 rations


   Skills:
 - Level 2.0 Fighting
 - Level 2.0 Dodging
 - Level 2.6 Stealth
 + Level 3.4 Spellcasting
 * Level 1.6 Conjurations
 - Level 1.0 Summonings
 - Level 1.0 Translocations


You couldn't memorise any spells.
You knew the following spells:

 Your Spells              Type           Power        Failure   Level  Hunger
a - Magic Dart            Conj           ##..         6%          1    None
b - Call Imp              Summ           #.......     13%         2    ##.....
c - Blink                 Tloc           N/A          13%         2    ##.....
d - Mephitic Cloud        Conj/Pois/Air  #.......     30%         3    ###....

Your spell library contained the following spells:

 Spells                   Type           Power        Failure   Level  Hunger
 Slow                     Hex            #.......     19%         2    ##.....
 Conjure Flame            Conj/Fire      #.......     26%         3    ###....


Dungeon Overview and Level Annotations

Branches:
Dungeon (2/15)

Altars:

Annotations:
D:2 Terence


Innate Abilities, Weirdness & Mutations

You cannot wear most types of armour.
You are very stealthy in the water. (Stealth+)
You are amphibious.
You can wear up to eight rings at the same time.
You can use your tentacles to constrict eight enemies at once.
Your skin changes colour to match your surroundings (Stealth+).
Your rubbery body absorbs attacks. (AC +1, EV +1)


Message History

Terence barely misses your white imp.
Your white imp gestures at Terence.
The puff of frost hits Terence.
Terence resists.
Your white imp disappears in a puff of smoke!
You barely miss Terence. You grab Terence.
Terence is almost dead.
You constrict Terence, but do no damage.
Terence hits you with a flail!
You hit Terence but do no damage.
Terence is almost dead.
You constrict Terence, but do no damage.
Terence hits you with a flail.
You hit Terence but do no damage.
Terence is almost dead.
You constrict Terence, but do no damage.
Terence misses you.
You hit Terence but do no damage.
Terence is almost dead.
You constrict Terence. Terence hits you with a flail!
You die...

.####.......##....#
#........#....#####
#..................
.....................
###......###....###
#......# #...<#
#>.....# #.g..#
######## #..@.#
#..@.# ######


You could see Terence and a hobgoblin.

Vanquished Creatures
  2 dart slugs (D:1)
  A leopard gecko (D:1)
  3 bats (D:1)
  2 giant cockroaches (D:1)
  2 goblins (D:1)
  5 hobgoblins
  3 kobolds (D:1)
  3 frilled lizards (D:1)
  6 rats
27 creatures vanquished.

Vanquished Creatures (collateral kills)
  A worm (D:1)
  5 hobgoblins
  2 kobolds (D:1)
  A frilled lizard (D:1)
9 creatures vanquished.

Grand Total: 36 creatures vanquished

Notes
Turn   | Place    | Note
-------+----------+-------------------------------------------
     0 | D:1      | Folque the Octopode Wizard began the quest for the Orb.
     0 | D:1      | Reached XP level 1. HP: 11/11 MP: 4/4
   179 | D:1      | Reached skill level 1 in Fighting
   180 | D:1      | Reached XP level 2. HP: 18/18 MP: 0/6
   192 | D:1      | Learned a level 2 spell: Call Imp
   195 | D:1      | Learned a level 2 spell: Blink
   758 | D:1      | Reached XP level 3. HP: 18/24 MP: 5/7
   763 | D:1      | Learned a level 3 spell: Mephitic Cloud
  1032 | D:2      | Noticed Terence
  1377 | D:2      | Slain by Terence

Skill      XL: |  1  2 |
---------------+-------+-----
Fighting       | 1 2 |  2.0
Dodging        | |  2.0
Stealth        | |  2.6
Spellcasting   | |  3.4
Conjurations   | |  1.6
Summonings     | |  1.0
Translocations | |  1.0

Action                   || total
-------------------------++-------
Melee: Unarmed           ||    17
       Constrict         ||    14
       Short sword       ||    49
       Tentacles         ||     8
 Cast: Magic Dart        ||    15
       Call Imp          ||     7
       Mephitic Cloud    ||     2
       Blink             ||     1
  Use: Scroll            ||     2
 Stab: Sleeping          ||     4
       Confused          ||     1
  Eat: Chunk             ||     2
Armor: Skin              ||     2
Dodge: Dodged            ||    44
